 Dungeon Crawl Stone Soup version 0.31-a0-521-gc7390f8997 (webtiles) character file.

Game seed: 13829075013877479960

25 Fodor the Covered (level 2, -1/27 HPs)
             Began as a Minotaur Fighter on Aug 10, 2023.
             Killed by nerve-wracking pain
             ... invoked by Jessica
              (12 damage)
             ... on level 2 of the Dungeon.
             The game lasted 00:09:44 (1582 turns).

Fodor the Covered (Minotaur Fighter)                Turns: 1582, Time: 00:09:44

Health: -1/27      AC:  9    Str: 20    XL:     2   Next: 82%
Magic:  1/1        EV:  7    Int:  5    God:
Gold:   97         SH:  6    Dex:  9    Spells: 1/1 levels left

rFire   . . .        l - +3 whip
rCold   . . .        g - +2 buckler
rNeg    . . .        f - +0 chain mail
rPois   .            (helmet restricted)
rElec   .            (no cloak)
rCorr   .            (no gloves)
SInv    .            (no boots)
Will    .....        i - amulet of regeneration Stlth
                     (no ring)
HPRegen 1.04/turn    (no ring)
MPRegen 0.07/turn

%: no passive effects
@: slowed, very slow
A: horns 2, retaliatory headbutt
a: no special abilities


You were on level 2 of the Dungeon.
You visited 1 branch of the dungeon, and saw 2 of its levels.

You collected 97 gold pieces.

Inventory:

Hand Weapons
 a - a +0 long sword
 l - a +3 whip (weapon)
Armour
 f - a +0 chain mail (worn)
 g - a +2 buckler (worn)
Jewellery
 i - an amulet of regeneration (around neck)
Scrolls
 c - 4 scrolls of identify {unknown}
 h - a scroll of enchant armour {unknown}
 j - a scroll of fear {unknown}
 k - 3 scrolls of acquirement {unknown}
 m - a scroll of blinking {unknown}
Potions
 b - 2 potions of attraction {unknown}
 d - a potion of might
 e - a potion of haste {unknown}


   Skills:
 + Level 4.0 Fighting
 + Level 2.5 Long Blades
 + Level 0.2 Maces & Flails
 + Level 4.2 Armour
 + Level 4.0 Shields


You had one spell level left.
You didn't know any spells.
Your spell library was empty.

Dungeon Overview and Level Annotations

Branches:
Dungeon (2/15)

Altars:

Annotations:
D:2 Jessica


Innate Abilities, Weirdness & Mutations

You have a pair of horns on your head.
You reflexively headbutt those who attack you in melee.


Message History

Found an escape hatch in the floor.
A rat comes into view.
The endoplasm hits you but does no damage.
You hit the endoplasm but do no damage. Your headbutt misses the endoplasm.
The endoplasm hits you.
You whack the endoplasm!
You kill the endoplasm!
You block the rat's attack.
You closely miss the rat. Your headbutt misses the rat.
You block the rat's attack. The rat bites you.
You hit the rat.
You kill the rat!
Found a stone staircase leading down.
Found a stone staircase leading up.
There is a stone staircase leading up here.
Found a stone staircase leading up.
There is a stone staircase leading up here.
You open the door.
Jessica and 4 gnolls come into view.
Jessica shouts!
The gnoll shouts! x2
Jessica gestures at you while chanting.
You feel yourself slow down.
Found 5 stones, a murky orange potion and a curved smoking staff.
There is an open door here.
The gnoll barely misses you. You block the gnoll's attack.
The gnoll hits you with a +0 halberd. You block the gnoll's attack.
The gnoll barely misses you. x2
The gnoll hits you from afar with a +0 spear.
Jessica gestures at you while chanting.
You feel as though you will be slow longer.
You hit the gnoll.
The gnoll is heavily wounded.
The gnoll hits you but does no damage. x2
The gnoll hits you with a +0 halberd! You block the gnoll's attack.
The gnoll attacks as you move away! The gnoll hits you with a +0 halberd.
The gnoll hits you but does no damage.
The gnoll hits you from afar with a +0 halberd.
Jessica points at you and mumbles some strange words.
Pain shoots through your body!
You die...

##........###
#.......#.# #..
#..#.##.#.# #.#
#..#.##.#.# #+## #.#
#..#....#.# #...##
###.# #..###..#.#
#.....# # ....
#.........###.......
#.##..
##..#...#.##@g......
##.#...
#.......<.@gg......
+......
##.....#.##g.......
##.#...
#.##.##.###(......
#..... #>#####.#
#!....# ####.#
#.#####.# #|..## #.#
#.......######+##
#.# #.###..>....##.#
#.# #.# #.#####.##.#
#.# #.#
#.#####.##.## #.#


You could see 4 gnolls and Jessica.

Vanquished Creatures
  2 dart slugs (D:2)
  An endoplasm (D:2)
  2 goblins
  3 hobgoblins
  3 quokkas
  3 ball pythons
  2 bats (D:2)
  2 kobolds
  3 rats
21 creatures vanquished.

Notes
Turn   | Place    | Note
-------+----------+-------------------------------------------
     0 | D:1      | Fodor the Minotaur Fighter began the quest for the Orb.
     0 | D:1      | Reached XP level 1. HP: 19/19 MP: 0/0
   439 | D:1      | Found a faded altar of an unknown god.
  1061 | D:2      | Reached XP level 2. HP: 27/27 MP: 1/1
  1578 | D:2      | Noticed Jessica
  1582 | D:2      | Killed from afar by Jessica

Illustrated notes

Levels and vault maps discovered:
D:1:      saegor_arrival_simple_d, layout_basic, chequers_ecumenical_altar_grove
D:2:      layout_loops_corners, uniq_jessica

Skill      XL: |  1  2 |
---------------+-------+-----
Armour         | 4 |  4.2
Shields        | 4 |  4.0
Fighting       | 4 |  4.0
Long Blades    | |  2.5
Maces & Flails | |  0.2

Action                     || total
---------------------------++-------
  Melee: Long sword        ||    29
         Headbutt          ||     6
         Whip              ||    15
   Stab: Distracted        ||     1
 Armour: Chain mail        ||    16
         Scale mail        ||     1
  Dodge: Dodged            ||    14
  Block: Buckler           ||    15

Table legend: (Time is in decaauts)
 A = Elapsed time spent in this place.
 B = Non-inter-level travel time spent in this place.
 C = Inter-level travel time spent in this place.
 D = Time resting spent in this place.
 E = Time spent auto-exploring this place.
 F = Levels seen in this place.
 G = Mean time per level.
                   A        B        C        D        E       F      G
               +--------+--------+--------+--------+--------+-----+--------+
         Total |   1593 |   1385 |    208 |     11 |      0 |   2 |  796.5 |
       Dungeon |   1593 |   1385 |    208 |     11 |      0 |   2 |  796.5 |
               +--------+--------+--------+--------+--------+-----+--------+

Top non-repeatable levels by time:
     D:1: 1062 daAuts
     D:2: 530 daAuts
